 Dungeon Crawl Stone Soup version 0.31-a0-441-g867994ef1c (webtiles) character file.

Game seed: 14246489729403937070

4479 Dittersdorf the Blocker (level 10, -1/65 HPs)
             Began as a Gargoyle Fighter on Aug 2, 2023.
             Slain by Erica
             ... wielding a +2 scimitar of flaming
              (2 damage)
             ... on level 8 of the Dungeon.
             The game lasted 00:13:04 (6374 turns).

Dittersdorf the Blocker (Gargoyle Fighter)          Turns: 6374, Time: 00:13:05

Health: -1/65      AC: 25    Str: 24    XL:     10   Next: 38%
Magic:  10/10      EV:  7    Int:  8    God:
Gold:   495        SH:  6    Dex: 13    Spells: 9/9 levels left

rFire   + . .        e - +2 flail (heavy)
rCold   . . .        c - +0 buckler
rNeg    + + .        q - +1 plate armour "Xiunoso" {rF+ rCorr Str-4 Int+2 Dex+4}
rPois   ∞            (no helmet)
rElec   +            i - +0 cloak
rCorr   +            (no gloves)
SInv    .            t - +0 pair of boots
Will    +....        (no amulet) Stlth
                     n - ring of Zoruedog {rN+ Str+3 Int-2 Slay+4}
HPRegen 0.30/turn    s - ring of willpower
MPRegen 0.12/turn

%: no passive effects
@: about to teleport
A: sickness immunity, AC +7, negative energy resistance 1, electricity
resistance, torment resistance 1, petrification resistance
a: no special abilities


You were on level 8 of the Dungeon.
You visited 2 branches of the dungeon, and saw 9 of its levels.

You collected 495 gold pieces.

Inventory:

Hand Weapons
 e - a +2 heavy flail (weapon)
 w - a +0 morningstar
Armour
 c - a +0 buckler (worn)
 i - a +0 cloak (worn)
 q - the +1 plate armour "Xiunoso" (worn) {rF+ rCorr Str-4 Int+2 Dex+4}
   (You found it on level 2 of the Dungeon)

   Str:       It affects your strength (-4).
   Int:       It affects your intelligence (+2).
   Dex:       It affects your dexterity (+4).
   rF:        It protects you from fire.
   rCorr:     It protects you from acid and corrosion.
 t - a +0 pair of boots (worn)
Jewellery
 b - a ring of protection from fire
 n - the ring of Zoruedog (left hand) {rN+ Str+3 Int-2 Slay+4}
   (You acquired it on level 4 of the Dungeon)

   [ring of slaying]

   Str:       It affects your strength (+3).
   Int:       It affects your intelligence (-2).
   Slay:      It affects your accuracy & damage with ranged weapons and melee
   (+4).
   rN:        It protects you from negative energy.
 s - a ring of willpower (right hand)
 v - a ring of flight
 x - a +6 ring of intelligence
Wands
 r - a wand of iceblast (9)
Scrolls
 a - a scroll of blinking
 f - a scroll of revelation
 h - 6 scrolls of teleportation
 j - a scroll of fog
 l - a scroll of enchant weapon {unknown}
Potions
 g - a potion of curing
 m - 2 potions of brilliance
 o - a potion of ambrosia
 p - 2 potions of magic
 u - a potion of enlightenment


   Skills:
 + Level 8.8 Fighting
 + Level 7.7 Maces & Flails
 + Level 8.8 Armour
 + Level 8.9 Shields


You had 9 spell levels left.
You didn't know any spells.
Your spell library contained the following spells:

 Spells                   Type           Power      Damage    Failure   Level
 Call Canine Familiar     Summ           0%         N/A       100%        3
 Portal Projectile        Hex/Tloc       0%         N/A       100%        3
 Leda's Liquefaction      Hex/Erth       0%         N/A       100%        4


Dungeon Overview and Level Annotations

Branches:
Dungeon (8/15)             Temple (1/1) D:5
   Lair: D:8-11

Altars:
Ashenzari
Cheibriados
Gozag
Makhleb
Nemelex Xobeh
Qazlal
Uskayaw
Vehumet
Xom
Yredelemnul

Shops:
D:4 (

Annotations:
D:8 Erica


Innate Abilities, Weirdness & Mutations

You are immune to sickness and miasma.
Your stone body is resilient. (AC +7)
You are immune to poison.
You resist negative energy. (rN+)
You are resistant to electric shocks. (rElec)
You are resistant to unholy torment.
You are immune to petrification.


Message History

Press: ? - help, Q - select action, (/) - cycle Shift-Dir - straight line, f - orc warrior, p - killer bee
Aim: an orc warrior, wielding a +0 flail and wearing a +0 chain mail (68% to hit)
The bolt of acid hits the killer bee!
You kill the killer bee!
The bolt of acid hits something!!
Something seems to be corroded for longer.
The bolt of acid hits the orc warrior!
The acid corrodes the orc warrior!
The orc warrior is moderately wounded.
You hear an angry buzzing noise.
You block the killer bee's attack. The killer bee barely misses you.
Aiming: Corrosive Bolt
Press: ? - help, Q - select action, (/) - cycle Shift-Dir - straight line, f/p - orc warrior
Aim: an orc warrior, wielding a +0 flail and wearing a +0 chain mail (moderately wounded, covered in acid, 68% to hit)
The bolt of acid hits something!
The bolt of acid misses the orc warrior.
You hear a shout!
A killer bee comes into view.
The killer bee stings you but does no damage. x2
Aiming: Corrosive Bolt
Press: ? - help, Q - select action, (/) - cycle Shift-Dir - straight line, f - killer bee, p - orc warrior
Aim: a killer bee (43% to hit)
The bolt of acid misses the orc warrior.
The bolt of acid hits the killer bee!
The acid corrodes the killer bee!
The killer bee is heavily wounded.
The now-empty wand crumbles to dust.
You hear an angry buzzing noise.
You hear a shout!
The killer bee stings you.
* * * LOW HITPOINT WARNING * * *
Something hits you but does no damage.
An orc comes into view. It is wielding a +0 short sword.
The killer bee stings you.
* * * LOW HITPOINT WARNING * * *
Unknown command.
As you read the scroll of teleportation, it crumbles to dust.
You feel strangely unstable. You block the killer bee's attack.
Something hits you!
* * * LOW HITPOINT WARNING * * *
Something burns you.
You die...

#.* #.##.....{...[..###.#,***
#.###.##.....###o#.## #.#,,,*
.................#.# #y#,*,*
#..######...####)#.####.#,,,*
#....))).)#......#.......,,,*
##)#######.#####yo.y.y..#,,,*
#)# #.# #o#####..#*,** #)#
#.# #{# *,,**,* #[# #.# #@#
*,,**,* ##.# #.#
*#y#****,,**,* ...# *.#
*.y.,,,,,,<,,* ####
*.#**#..##***,,**** ******
*,,,,...#****,,* ,,,,,**
****###?.,,,,,,*
***,,,*********###****,** *
*,,,,,,,,,,,,,,,,,,,,* *
*,,,******************


You could see an orc warrior (corroded), 3 killer bees and 2 orcs.

Vanquished Creatures
  A two-headed ogre (D:8)
  Joseph (D:7)
  Maggie (D:6)
  Grinder (D:6)
  A water moccasin (D:8)
  2 orc warriors
  3 sky beasts
  2 black bears (D:5)
  An ogre (D:4)
  A centaur (D:6)
  A kobold brigand (D:6)
  A bullfrog (D:6)
  A water moccasin zombie (D:5)
  5 scorpions
  A gnoll sergeant (D:8)
  4 wights
  5 killer bees (D:8)
  A bullfrog zombie (D:5)
  3 howler monkeys
  A centaur zombie (D:5)
  2 jellies
  6 sleepcaps
  A gnoll bouda (D:5)
  3 hounds
  3 iguanas
  4 orc priests
  6 orc wizards
  A hound zombie (D:5)
  A hound skeleton (D:5)
  11 gnolls
  A howler monkey skeleton (D:5)
  11 adders
  A shadow imp (D:4)
  3 white imps
  An ufetubus (D:5)
  4 worms
  4 dart slugs
  27 orcs
  3 bats (D:1)
  9 endoplasms
  8 goblins
  8 hobgoblins
  5 kobolds
  5 quokkas
  5 ball pythons
  4 frilled lizards (D:1)
  2 rats
176 creatures vanquished.

Vanquished Creatures (others)
  An orc wizard (D:6)
1 creature vanquished.

Grand Total: 177 creatures vanquished

Notes
Turn   | Place    | Note
-------+----------+-------------------------------------------
     0 | D:1      | Dittersdorf the Gargoyle Fighter began the quest for the
                  | Orb.
     0 | D:1      | Reached XP level 1. HP: 14/14 MP: 1/1
    68 | D:1      | Reached XP level 2. HP: 19/19 MP: 2/2
   407 | D:1      | Reached XP level 3. HP: 23/23 MP: 3/3
  1363 | D:2      | Identified the +1 plate armour "Xiunoso" {rF+ rCorr Str-4
                  | Int+2 Dex+4}
  1433 | D:2      | Found Areymiuj's Book Shop.
  1448 | D:2      | Reached XP level 4. HP: 29/29 MP: 4/4
  1759 | D:3      | HP: 1/29 [orc/+0 hand axe (3)]
  1898 | D:2      | Reached XP level 5. HP: 30/33 MP: 5/5
  2287 | D:3      | Reached XP level 6. HP: 26/39 MP: 6/6
  2510 | D:4      | Identified a scroll of acquirement
  2511 | D:4      | Acquired the ring of Zoruedog {rN+ Str+3 Int-2 Slay+4}
  2638 | D:4      | Reached skill level 5 in Fighting
  2638 | D:4      | Reached skill level 5 in Shields
  2795 | D:4      | Found Wegourpha's Antique Weapon Emporium.
  2995 | D:4      | Reached skill level 5 in Armour
  2995 | D:4      | Reached XP level 7. HP: 36/44 MP: 7/7
  3225 | D:5      | Entered Level 5 of the Dungeon
  3451 | D:5      | Found a staircase to the Ecumenical Temple.
  3457 | Temple   | Entered the Ecumenical Temple
  3502 | D:5      | Reached XP level 8. HP: 51/51 MP: 8/8
  3680 | D:5      | Reached skill level 5 in Maces & Flails
  4462 | D:6      | Noticed Maggie
  4479 | D:6      | Killed Maggie
  4480 | D:6      | Reached XP level 9. HP: 20/56 MP: 9/9
  5207 | D:6      | Noticed Grinder
  5216 | D:6      | Killed Grinder
  5288 | D:6      | Found a stormy altar of Qazlal.
  5911 | D:7      | Noticed Joseph
  5920 | D:7      | Killed Joseph
  6114 | D:7      | Reached XP level 10. HP: 64/64 MP: 10/10
  6212 | D:8      | Found the +5 Force Lance {heavy, knockback}
  6251 | D:8      | Noticed Erica
  6289 | D:8      | Noticed a two-headed ogre
  6343 | D:8      | Killed a two-headed ogre
  6374 | D:8      | HP: 1/65 [something (11)]
  6374 | D:8      | Slain by Erica

Illustrated notes

Levels and vault maps discovered:
D:1:      spicycebolla_arrival_clurvy, layout_basic
D:2:      layout_loops_corners, serial_shops, shop
D:3:      layout_basic, grunt_decor_one_mirror
D:4:      layout_cave_pools, serial_shops, shop
D:5:      layout_basic, minmay_temple_entry_nine_rooms, serial_undead,
          serial_undead_a, serial_undead_c, serial_undead_c, serial_undead_c,
          hex_medium, hellmonk_no_cap
D:6:      lemuel_ice_spiral_2, layout_basic, old_standard_altar,
          kb_lookout_dungeons_type, uniq_maggie, uniq_grinder
D:7:      layout_rooms, uniq_joseph
D:8:      layout_loops_ring, minitemple, serial_shops, nicolae_shop_trees,
          lightli_bailey_entry_fortress, uniq_erica
Temple:   chequers_temple_sunken

Skill      XL: |  1  2  3  4  5  6  7  8  9 |
---------------+----------------------------+-----
Fighting       | 4 5 6 8 |  8.8
Armour         | 4 5 6 8 |  8.8
Shields        | 4 5 6 8 |  8.9
Maces & Flails | 3 4 5 7 |  7.7

Action                     |  1- 3 |  4- 6 |  7- 9 | 10-12 || total
---------------------------+-------+-------+-------+-------++-------
  Melee: Flail             |   134 |   175 |   296 |    43 ||   648
  Throw: Dart              |       |       |    10 |     7 ||    17
  Evoke: Wand              |       |       |       |    31 ||    31
    Use: Scroll            |       |     9 |     5 |     2 ||    16
         Potion            |       |       |     1 |     6 ||     7
 Armour: Ring mail         |    73 |    86 |    89 |       ||   248
         Plate armour      |       |       |   125 |    75 ||   200
  Dodge: Dodged            |    90 |    85 |   159 |    27 ||   361
  Block: Buckler           |    28 |    47 |    80 |    35 ||   190

Table legend: (Time is in decaauts)
 A = Elapsed time spent in this place.
 B = Non-inter-level travel time spent in this place.
 C = Inter-level travel time spent in this place.
 D = Time resting spent in this place.
 E = Time spent auto-exploring this place.
 F = Levels seen in this place.
 G = Mean time per level.
                   A        B        C        D        E       F      G
               +--------+--------+--------+--------+--------+-----+--------+
         Total |   6570 |   6359 |    211 |    691 |   3931 |   9 |  730.0 |
       Dungeon |   6528 |   6357 |    171 |    691 |   3931 |   8 |  816.0 |
        Temple |     42 |      2 |     40 |      0 |      0 |   1 |   42.0 |
               +--------+--------+--------+--------+--------+-----+--------+

Top non-repeatable levels by time:
     D:6: 1140 daAuts
     D:5: 1100 daAuts
     D:1: 932 daAuts
     D:2: 848 daAuts
     D:3: 781 daAuts
     D:4: 748 daAuts
     D:7: 736 daAuts
     D:8: 239 daAuts
  Temple: 42 daAuts
